TOP OF THE 1ST |
San Antonio Missions batting - Pitching for Round Rock Express : RHP Glen Cook
|
Pitching: RHP Glen Cook
|
|
Batting: LHB John Elway
|
0-0: Bunted foul 0-1: Ball 1-1: Called Strike 1-2: Ground out 6-3 (Groundball, 56, EV 83.8 MPH)
|
Batting: RHB Amos Lewis
|
0-0: Called Strike 0-1: Ball 1-1: Ball 2-1: Foul Ball, location: 2F 2-2: SINGLE (Line Drive, 6D, EV 100.6 MPH)
|
Batting: RHB Ed Hearn
|
0-0: Ball Wild Pitch! Amos Lewis to second 1-0: Fly out, F8 (Flyball, 8RXD, EV 101.3 MPH) Runner from 2nd tags up, SAFE at 3rd, no throw by CF
|
Batting: RHB Larry Hamilton
|
0-0: Called Strike 0-1: Ball 1-1: Ball 2-1: Ball 3-1: Called Strike 3-2: Base on Balls
|
Batting: LHB Lee Pruitt
|
0-0: Called Strike 0-1: Foul Ball, location: 2F 0-2: Strikes out swinging
|
Top of the 1st over - 0 runs, 1 hit, 0 errors, 2 left on base; San Antonio 0 - Round Rock 0 |
BOTTOM OF THE 1ST |
Round Rock Express batting - Pitching for San Antonio Missions : RHP Miguel Hernandez
|
Pitching: RHP Miguel Hernandez
|
|
Batting: LHB Steve Lyons
|
0-0: Called Strike 0-1: Called Strike 0-2: Foul Ball, location: 2F 0-2: Ball 1-2: Ball 2-2: Ball 3-2: Foul Ball, location: 2F 3-2: Strikes out swinging
|
Batting: LHB Luis Armijo
|
0-0: Foul Ball, location: 2F 0-1: Ball 1-1: Foul Ball, location: 2F 1-2: Ball 2-2: Foul Ball, location: 2F 2-2: Fly out, F7 (Flyball, 7, EV 90.0 MPH)
|
Batting: RHB Alejandro Sanchez
|
0-0: Ball 1-0: Ground out 5-3 (Groundball, 56S, EV 81.9 MPH)
|
Bottom of the 1st over - 0 runs, 0 hits, 0 errors, 0 left on base; San Antonio 0 - Round Rock 0 |
TOP OF THE 2ND |
San Antonio Missions batting - Pitching for Round Rock Express : RHP Glen Cook
|
Batting: LHB John D Morris
|
0-0: Ball 1-0: Called Strike 1-1: Ball 2-1: Foul Ball, location: 2F 2-2: Ball 3-2: Base on Balls
|
Batting: LHB Jerold Johnston
|
0-0: Ball 1-0: Swinging Strike 1-1: Ball 2-1: Foul Ball, location: 2F 2-2: Fly out, F9 (Flyball, 9LM, EV 103.8 MPH)
|
Batting: LHB Matt Nokes
|
0-0: Ball 1-0: Ball 2-0: Ball 3-0: Called Strike 3-1: Foul Ball, location: 2F 3-2: Fly out, F9 (Line Drive, 9D, EV 88.1 MPH)
|
Batting: RHB Houston Jimenez
|
0-0: Called Strike 0-1: Called Strike 0-2: Ball 1-2: Ball 2-2: Foul Ball, location: 2F 2-2: Strikes out swinging
|
Top of the 2nd over - 0 runs, 0 hits, 0 errors, 1 left on base; San Antonio 0 - Round Rock 0 |
BOTTOM OF THE 2ND |
Round Rock Express batting - Pitching for San Antonio Missions : RHP Miguel Hernandez
|
Batting: LHB Al Chambers
|
0-0: Ball 1-0: Called Strike 1-1: Swinging Strike 1-2: Strikes out swinging
|
Batting: RHB Martyn Maxwell
|
0-0: Fly out, F6 (Line Drive, 6, EV 66.9 MPH)
|
Batting: LHB Dave Sanchez
|
0-0: Called Strike 0-1: Ball 1-1: Swinging Strike 1-2: Strikes out swinging
|
Bottom of the 2nd over - 0 runs, 0 hits, 0 errors, 0 left on base; San Antonio 0 - Round Rock 0 |
TOP OF THE 3RD |
San Antonio Missions batting - Pitching for Round Rock Express : RHP Glen Cook
|
Batting: LHB John Elway
|
0-0: Ball 1-0: Foul Ball, location: 2F 1-1: Called Strike 1-2: Ball 2-2: Fly out, F4 (Popup, 3S, EV 78.8 MPH)
|
Batting: RHB Amos Lewis
|
0-0: Foul Ball, location: 2F 0-1: Foul Ball, location: 2F 0-2: Ball 1-2: Fly out, F8 (Flyball, 8LM, EV 96.9 MPH)
|
Batting: RHB Ed Hearn
|
0-0: Called Strike 0-1: Foul Ball, location: 2F 0-2: Strikes out swinging
|
Top of the 3rd over - 0 runs, 0 hits, 0 errors, 0 left on base; San Antonio 0 - Round Rock 0 |
BOTTOM OF THE 3RD |
Round Rock Express batting - Pitching for San Antonio Missions : RHP Miguel Hernandez
|
Batting: RHB Gerald Miller
|
0-0: Called Strike 0-1: Ball 1-1: Ball 2-1: Ball 3-1: SINGLE (Groundball, 4M, EV 81.9 MPH) (infield hit)
|
Batting: LHB James Jennings
|
0-0: Ball 1-0: Called Strike 1-1: Foul Ball, location: 2F 1-2: Ball 2-2: Fly out, F8 (Line Drive, 8RD, EV 90.0 MPH)
|
Batting: RHB George Ramos
|
0-0: Called Strike 0-1: Ball 1-1: Ball 2-1: Swinging Strike 2-2: Ball 3-2: Strikes out swinging Gerald Miller is caught stealing 2nd base 2-4 Batter strikes out.
|
Bottom of the 3rd over - 0 runs, 1 hit, 0 errors, 0 left on base; San Antonio 0 - Round Rock 0 |
TOP OF THE 4TH |
San Antonio Missions batting - Pitching for Round Rock Express : RHP Glen Cook
|
Batting: RHB Larry Hamilton
|
0-0: Foul Ball, location: 2F 0-1: Ground out 6-3 (Groundball, 6, EV 91.3 MPH)
|
Batting: LHB Lee Pruitt
|
0-0: Ball 1-0: Swinging Strike 1-1: Fly out, F7 (Flyball, 78XD, EV 99.4 MPH)
|
Batting: LHB John D Morris
|
0-0: Ball 1-0: Foul Ball, location: 2F 1-1: Foul Ball, location: 2F 1-2: Foul Ball, location: 2F 1-2: Ball 2-2: Foul Ball, location: 2F 2-2: Ball 3-2: Strikes out swinging
|
Top of the 4th over - 0 runs, 0 hits, 0 errors, 0 left on base; San Antonio 0 - Round Rock 0 |
BOTTOM OF THE 4TH |
Round Rock Express batting - Pitching for San Antonio Missions : RHP Miguel Hernandez
|
Batting: LHB Steve Lyons
|
0-0: Called Strike 0-1: Swinging Strike 0-2: Ball 1-2: Ball 2-2: Strikes out swinging
|
Batting: LHB Luis Armijo
|
0-0: Foul Ball, location: 2F 0-1: SINGLE (Line Drive, 89M, EV 110.0 MPH)
|
Batting: RHB Alejandro Sanchez
|
0-0: Called Strike 0-1: Ball 1-1: Ground out 6-3 (Groundball, 4M, EV 106.9 MPH) Luis Armijo to second
|
Batting: LHB Al Chambers
|
0-0: Ball 1-0: Foul Ball, location: 2F 1-1: Fly out, F7 (Line Drive, 7, EV 96.3 MPH)
|
Bottom of the 4th over - 0 runs, 1 hit, 0 errors, 1 left on base; San Antonio 0 - Round Rock 0 |
TOP OF THE 5TH |
San Antonio Missions batting - Pitching for Round Rock Express : RHP Glen Cook
|
Batting: LHB Jerold Johnston
|
0-0: Foul Ball, location: 2F 0-1: Swinging Strike 0-2: Foul Ball, location: 2F 0-2: Ball 1-2: Ball 2-2: Foul Ball, location: 2F 2-2: Ground out 4-3 (Groundball, 4, EV 78.8 MPH)
|
Batting: LHB Matt Nokes
|
0-0: Ball 1-0: SINGLE (Line Drive, 7S, EV 91.3 MPH)
|
Batting: RHB Houston Jimenez
|
0-0: Called Strike 0-1: Ball 1-1: Grounds into double play, 6-4-3 (Groundball, 6, EV 91.3 MPH)
|
Top of the 5th over - 0 runs, 1 hit, 0 errors, 0 left on base; San Antonio 0 - Round Rock 0 |
BOTTOM OF THE 5TH |
Round Rock Express batting - Pitching for San Antonio Missions : RHP Miguel Hernandez
|
Batting: RHB Martyn Maxwell
|
0-0: Called Strike 0-1: Ball 1-1: Ball 2-1: Foul Ball, location: 2F 2-2: Ground out U3 (Groundball, 34S, EV 79.4 MPH)
|
Batting: LHB Dave Sanchez
|
0-0: Fly out, F5 (Popup, 25F, EV 86.3 MPH)
|
Batting: RHB Gerald Miller
|
0-0: Ball 1-0: Ball 2-0: Called Strike 2-1: Ball 3-1: Foul Ball, location: 2F 3-2: Foul Ball, location: 2F 3-2: Foul Ball, location: 2F 3-2: Foul Ball, location: 2F 3-2: Base on Balls
|
Batting: LHB James Jennings
|
0-0: Ball 1-0: Called Strike 1-1: Ball Gerald Miller steals 2nd base 2-1: Ball 3-1: Called Strike 3-2: SINGLE (Line Drive, 4D, EV 96.3 MPH) Gerald Miller to third Gerald Miller scores
|
Batting: RHB George Ramos
|
0-0: Fly out, F4 (Popup, 4S, EV 66.9 MPH)
|
Bottom of the 5th over - 1 run, 1 hit, 0 errors, 1 left on base; San Antonio 0 - Round Rock 1 |
TOP OF THE 6TH |
San Antonio Missions batting - Pitching for Round Rock Express : RHP Glen Cook
|
Batting: LHB John Elway
|
0-0: Bunt for hit to 15 - play at first, batter safe!
|
Batting: RHB Amos Lewis
|
0-0: Ball 1-0: Ball 2-0: Ball 3-0: Base on Balls John Elway to second
|
Batting: RHB Ed Hearn
|
0-0: Called Strike 0-1: Ball 1-1: Ball 2-1: Swinging Strike 2-2: Strikes out swinging
|
Batting: RHB Larry Hamilton
|
0-0: Ball 1-0: Called Strike 1-1: Called Strike 1-2: Strikes out swinging
|
Batting: LHB Lee Pruitt
|
0-0: DOUBLE (Flyball, 78D, EV 91.3 MPH) John Elway scores Amos Lewis to third Runner from 3rd tries for Home, SAFE, no throw by CF
|
Batting: LHB John D Morris
|
0-0: Called Strike 0-1: Called Strike 0-2: Strikes out swinging
|
Top of the 6th over - 2 runs, 2 hits, 0 errors, 1 left on base; San Antonio 2 - Round Rock 1 |
BOTTOM OF THE 6TH |
Round Rock Express batting - Pitching for San Antonio Missions : RHP Miguel Hernandez
|
Batting: LHB Steve Lyons
|
0-0: Ball 1-0: Ball 2-0: Foul Ball, location: 2F 2-1: Fly out, F8 (Flyball, 8RD, EV 85.0 MPH)
|
Batting: LHB Luis Armijo
|
0-0: Ball 1-0: Ball 2-0: SINGLE (Groundball, 34D, EV 100.0 MPH)
|
Batting: RHB Alejandro Sanchez
|
0-0: SINGLE (Line Drive, 34, EV 103.1 MPH) Luis Armijo to second
|
Batting: LHB Al Chambers
|
0-0: Foul Ball, location: 2F 0-1: Fly out, F6 (Popup, 56, EV 65.6 MPH)
|
Batting: RHB Martyn Maxwell
|
0-0: Ball 1-0: Ball 2-0: Fly out, F8 (Line Drive, 8LD, EV 96.9 MPH)
|
Bottom of the 6th over - 0 runs, 2 hits, 0 errors, 2 left on base; San Antonio 2 - Round Rock 1 |
TOP OF THE 7TH |
San Antonio Missions batting - Pitching for Round Rock Express : RHP Glen Cook
|
Batting: LHB Jerold Johnston
|
0-0: Called Strike 0-1: Ball 1-1: Ground out 2-3 (Groundball, 2R, EV 68.1 MPH)
|
Batting: LHB Matt Nokes
|
0-0: Ball 1-0: SINGLE (Line Drive, 9LS, EV 106.3 MPH)
|
Pitching: RHP Bret Cleland
|
|
Batting: RHB Houston Jimenez
|
0-0: Swinging Strike 0-1: Foul Ball, location: 2F 0-2: Ball 1-2: SINGLE (Groundball, 4MD, EV 104.4 MPH) Matt Nokes to second
|
Batting: LHB John Elway
|
0-0: Called Strike 0-1: Foul Ball, location: 2F 0-2: Ball 1-2: Strikes out swinging
|
Batting: RHB Amos Lewis
|
0-0: DOUBLE (Line Drive, 7LS, EV 90.6 MPH) Matt Nokes scores Houston Jimenez to third Runner from 3rd tries for Home, SAFE, no throw by LF
|
Batting: RHB Ed Hearn
|
0-0: Called Strike 0-1: Ball 1-1: Ball 2-1: Called Strike 2-2: Foul Ball, location: 2F 2-2: Fly out, F8 (Flyball, 8LD, EV 79.4 MPH)
|
Top of the 7th over - 2 runs, 3 hits, 0 errors, 1 left on base; San Antonio 4 - Round Rock 1 |
BOTTOM OF THE 7TH |
Round Rock Express batting - Pitching for San Antonio Missions : RHP Miguel Hernandez
|
Batting: LHB Dave Sanchez
|
0-0: Called Strike 0-1: Swinging Strike 0-2: Strikes out swinging
|
Batting: RHB Gerald Miller
|
0-0: Fly out, F7 (Flyball, 7D, EV 104.4 MPH)
|
Batting: LHB James Jennings
|
0-0: Called Strike 0-1: SINGLE (Groundball, 34S, EV 66.9 MPH) (infield hit)
|
Batting: RHB George Ramos
|
0-0: Fielders Choice at 2nd, 6-4 (Groundball, 6, EV 80.0 MPH)
|
Bottom of the 7th over - 0 runs, 1 hit, 0 errors, 1 left on base; San Antonio 4 - Round Rock 1 |
TOP OF THE 8TH |
San Antonio Missions batting - Pitching for Round Rock Express : RHP Bret Cleland
|
Batting: RHB Larry Hamilton
|
0-0: Ball 1-0: Foul Ball, location: 2F 1-1: Swinging Strike 1-2: Strikes out looking
|
Batting: LHB Lee Pruitt
|
0-0: Foul Ball, location: 2F 0-1: Swinging Strike 0-2: Ball 1-2: Ball 2-2: Ball 3-2: Strikes out swinging
|
Batting: LHB John D Morris
|
0-0: Called Strike 0-1: Called Strike 0-2: Ball 1-2: Foul Ball, location: 2F 1-2: Foul Ball, location: 2F 1-2: Ground out 4-3 (Groundball, 4, EV 75.0 MPH)
|
Top of the 8th over - 0 runs, 0 hits, 0 errors, 0 left on base; San Antonio 4 - Round Rock 1 |
BOTTOM OF THE 8TH |
Round Rock Express batting - Pitching for San Antonio Missions : RHP Miguel Hernandez
|
Batting: LHB Steve Lyons
|
0-0: Called Strike 0-1: Ball 1-1: Foul Ball, location: 2F 1-2: Foul Ball, location: 2F 1-2: Foul Ball, location: 2F 1-2: Fly out, F8 (Flyball, 8LXD, EV 100.6 MPH)
|
Batting: LHB Luis Armijo
|
0-0: SINGLE (Flyball, 7LS, EV 90.0 MPH)
|
Batting: RHB Alejandro Sanchez
|
0-0: Ball 1-0: Ball 2-0: SINGLE (Groundball, 4M, EV 82.5 MPH) (infield hit) Luis Armijo to second
|
Batting: LHB Al Chambers
|
0-0: Foul Ball, location: 2F 0-1: Ball 1-1: Ball 2-1: Swinging Strike 2-2: Ball 3-2: Foul Ball, location: 2F 3-2: Base on Balls Luis Armijo to third Alejandro Sanchez to second
|
Batting: RHB Martyn Maxwell
|
0-0: SINGLE (Groundball, 6, EV 104.4 MPH) Luis Armijo scores Alejandro Sanchez to third Al Chambers to second Runner from 3rd tries for Home, SAFE, throw by CF to home
|
Batting: LHB Dave Sanchez
|
0-0: Ball Wild Pitch! Al Chambers to third Martyn Maxwell to second 1-0: Foul Ball, location: 2F 1-1: Foul Ball, location: 2F 1-2: Fly out, F2 (Popup, 25F, EV 89.4 MPH)
|
Batting: RHB Gerald Miller
|
0-0: Ball 1-0: Foul Ball, location: 2F 1-1: Ball 2-1: Fly out, F4 (Popup, 34, EV 65.6 MPH)
|
Bottom of the 8th over - 2 runs, 3 hits, 0 errors, 2 left on base; San Antonio 4 - Round Rock 3 |
TOP OF THE 9TH |
San Antonio Missions batting - Pitching for Round Rock Express : RHP Bret Cleland
|
Pitching: LHP Ronald Wrobel
|
|
Batting: LHB Jerold Johnston
|
0-0: Ball 1-0: Fly out, F5 (Line Drive, 5, EV 66.3 MPH)
|
Batting: LHB Matt Nokes
|
0-0: Foul Ball, location: 2F 0-1: Fly out, F7 (Flyball, 7S, EV 87.5 MPH)
|
Batting: RHB Houston Jimenez
|
0-0: Ball 1-0: Ball 2-0: Foul Ball, location: 2F 2-1: Ball 3-1: Base on Balls
|
Batting: LHB John Elway
|
0-0: Ball 1-0: Foul Ball, location: 2F 1-1: Called Strike 1-2: Foul Ball, location: 2F 1-2: Ball Houston Jimenez steals 2nd base 2-2: Ball 3-2: Foul Ball, location: 2F 3-2: Fly out, F8 (Flyball, 78D, EV 96.3 MPH)
|
Top of the 9th over - 0 runs, 0 hits, 0 errors, 1 left on base; San Antonio 4 - Round Rock 3 |
BOTTOM OF THE 9TH |
Round Rock Express batting - Pitching for San Antonio Missions : RHP Miguel Hernandez
|
Batting: LHB James Jennings
|
0-0: Ball 1-0: Ball 2-0: Ball 3-0: Base on Balls
|
Pinch Hitting: LHB William Sobbe
|
0-0: Bunted foul 0-1: Sac Bunt to 13 - play at first, batter OUT! 1-4 James Jennings to second
|
Batting: LHB Steve Lyons
|
0-0: Swinging Strike 0-1: Ball 1-1: Ball 2-1: Ball 3-1: Base on Balls
|
Pitching: RHP Robert Rudi
|
|
Batting: LHB Luis Armijo
|
0-0: Called Strike 0-1: Foul Ball, location: 2F 0-2: Ball 1-2: Ball 2-2: Foul Ball, location: 2F 2-2: Foul Ball, location: 2F 2-2: Foul Ball, location: 2F 2-2: Fly out, F5 (Popup, 5F, EV 70.6 MPH)
|
Batting: RHB Alejandro Sanchez
|
0-0: Ball 1-0: Foul Ball, location: 2F 1-1: Ball 2-1: Fly out, F8 (Line Drive, 8LM, EV 91.3 MPH)
|
Bottom of the 9th over - 0 runs, 0 hits, 0 errors, 2 left on base; San Antonio 4 - Round Rock 3 |
|